 Dungeon Crawl Stone Soup version 0.29-a0-25-g7f48f510a0 (webtiles) character file.

Game seed: 2318820894335549255

15642 MacCMillion the Basher (level 12, -17/60 (69) HPs)
             Began as a Gargoyle Fighter on Jan 31, 2022.
             Was a High Priest of Okawaru.
             Demolished by a reaper (25 damage)
             ... on level 2 of the Abyss.
             The game lasted 00:47:07 (13993 turns).

MacCMillion the Basher (Gargoyle Fighter)          Turns: 13993, Time: 00:47:07

HP:   -17/60 (69)   AC: 27    Str: 26    XL:     12   Next: 29%
MP:   12/17         EV: 16    Int:  8    God:    Okawaru [*****.]
Gold: 861           SH:  5    Dex:  9    Spells: 11/11 levels left

rFire   + . .      SeeInvis +   P - +2 flail (protect)
rCold   . . .      Faith    .   c - +0 buckler
rNeg    + . .      Spirit   .   t - +0 chain mail
rPois   ∞          Reflect  .   D - +2 helmet
rElec   +          Harm     .   X - +0 cloak
rCorr   .          Rampage  +   (no gloves)
Will    .....      Rage     1%  w - +0 pair of boots
Stlth   ..........              p - amulet "Lomegar" {Rampage Fly rF+ Regen+ SInv}
HPRegen 1.00/turn               g - +4 ring of evasion
MPRegen 0.15/turn               s - +4 ring of evasion

@: finesse-ful, under a protective aura, flying, heavily drained, unable to read
A: sickness immunity, AC +8, negative energy resistance 1, electricity
resistance, torment resistance 1, petrification resistance, berserk 1, frail 1,
subdued magic 1, [deformed body], [inability to read while threatened]
a: Renounce Religion, Heroism, Finesse, Duel


You were on level 2 of the Abyss.
You worshipped Okawaru.
Okawaru was extremely pleased with you.
You visited 1 branch of the dungeon, and saw 10 of its levels.
You visited the Abyss 1 time.

You collected 861 gold pieces.

Inventory:

Hand Weapons
 a - a +0 flail
 P - a +2 flail of protection (weapon)
Missiles
 j - 2 javelins
 o - 18 poisoned darts (quivered)
 H - 9 curare-tipped darts
 O - 7 throwing nets
 U - 3 atropa-tipped darts
Armour
 c - a +0 buckler (worn)
 r - a +2 leather armour of cold resistance
 t - a +0 chain mail (worn)
 w - a +0 pair of boots (worn)
 D - a +2 helmet (worn)
 V - a +0 kite shield
 X - a +0 cloak (worn)
Jewellery
 g - a +4 ring of evasion (left hand)
 p - the amulet "Lomegar" (around neck) {Rampage Fly rF+ Regen+ SInv}
   (You took it off a goblin on level 2 of the Dungeon)

   [amulet of regeneration]

   rF:        It protects you from fire.
   SInv:      It lets you see invisible.
   Fly:       It grants you flight.
   Regen:     It increases your rate of health regeneration.
   Rampage:   It bestows one free step when moving towards enemies.
 s - a +4 ring of evasion (right hand)
 z - a ring of wizardry
 C - a ring of protection from fire
 Y - a ring of resist corrosion
Wands
 b - a wand of acid (3)
 y - a wand of flame (33)
 M - a wand of paralysis (23)
 S - a wand of mindburst (14)
 T - a wand of iceblast (9)
Scrolls
 h - a scroll of blinking {unknown}
 u - a scroll of magic mapping
 A - 3 scrolls of fear
 G - 4 scrolls of fog
 K - a scroll of vulnerability {unknown}
 Q - a scroll of enchant armour {unknown}
 R - a scroll of amnesia {unknown}
 W - 2 scrolls of holy word {unknown}
Potions
 d - a potion of might
 e - 4 potions of curing
 f - 3 potions of flight
 k - a potion of lignification
 l - a potion of cancellation
 n - 3 potions of mutation
 v - 2 potions of heal wounds {unknown}
 x - 3 potions of attraction {unknown}
 B - a potion of haste
 E - a potion of ambrosia {unknown}
 F - a potion of invisibility {unknown}
 I - a potion of berserk rage {unknown}
 L - a potion of magic {unknown}
 N - a potion of degeneration {unknown}
 Z - a potion of brilliance {unknown}
Miscellaneous
 q - a phial of floods


   Skills:
 - Level 10.0 Fighting
 * Level 13.5 Maces & Flails
 - Level 5.0 Throwing
 - Level 5.0 Armour
 - Level 1.0 Dodging
 + Level 7.3 Shields
 * Level 7.2 Invocations
 - Level 3.0 Evocations


You had 11 spell levels left.
You didn't know any spells.
Your spell library contained the following spells:

 Spells                   Type           Power      Damage    Failure   Level
 Magic Dart               Conj           0%         1d3       96%         1
 Slow                     Hex            0%         N/A       96%         1
 Searing Ray              Conj           0%         2d4       99%         2
 Confusing Touch          Hex            0%         N/A       100%        3
 Mephitic Cloud           Conj/Pois/Air  0%         N/A       100%        3
 Ozocubu's Armour         Ice            0%         N/A       100%        3
 Portal Projectile        Hex/Tloc       0%         N/A       100%        3
 Vampiric Draining        Necr           0%         2d6       100%        3
 Fulminant Prism          Conj/Hex       0%         3d6       100%        4
 Blade Hands              Tmut           0%         N/A       100%        5
 Excruciating Wounds      Necr           0%         N/A       100%        5
 Ozocubu's Refrigeration  Ice            0%         4d5       100%        7
 Call Imp                 Summ           Unusable   N/A       N/A         2

Dungeon Overview and Level Annotations

Branches:
Dungeon (10/15)            Temple (0/1) D:6             Orc (0/2) D:9
   Lair: D:8-11

Altars:
Ashenzari
Dithmenos
Hepliaklqana
Kikubaaqudgha
Nemelex Xobeh
Okawaru
Qazlal
Ru
Sif Muna
Trog
Vehumet
Xom

Annotations:
D:3 1 runed translucent door, Crazy Yiuf
D:4 Sigmund


Innate Abilities, Weirdness & Mutations

You are immune to sickness and miasma.
Your stone body is resilient. (AC +8)
You are immune to poison.
You resist negative energy. (rN+)
You are resistant to electric shocks. (rElec)
You are resistant to unholy torment.
You are immune to petrification.
You tend to lose your temper in combat.
You are frail. (-10% HP)
Your spells are a little easier to cast, but a little less powerful.
[Armour fits poorly on your strangely shaped body.]
[You sometimes lose the ability to read scrolls when taking damage.]


Message History

The quasit is severely wounded.
You block the quasit's attack.
The quasit claws you but does no damage.
The quasit misses you.
You thump the quasit!
You kill the quasit!
That felt strangely unrewarding.
There is a gateway leading deeper into the Abyss here.
Saving game... please wait.
Welcome back, MacCMillion the Gargoyle Fighter.
Okawaru says: Bring me glory in combat!
Press ? for a list of commands and other information.
Press: ? - help, . - travel You can't see that place.
A reaper comes into view. It is wielding a +2 scythe of freezing.
The reaper hits you but does no damage.
You can now deal lightning-fast blows.
The reaper hits you from afar with a +2 scythe of freezing!!
The reaper freezes you.
The reaper hits you with a +2 scythe of freezing!!
You feel threatened and lose the ability to read scrolls!
* * * LOW HITPOINT WARNING * * *
The reaper freezes you.
* * * LOW HITPOINT WARNING * * *
You hit the reaper but do no damage.
Your weapon exudes an aura of protection.
You hit the reaper.
The reaper is lightly wounded.
The reaper hits you with a +2 scythe of freezing.
* * * LOW HITPOINT WARNING * * *
The reaper freezes you.
* * * LOW HITPOINT WARNING * * *
You hit the reaper.
The reaper is lightly wounded.
You hit the reaper but do no damage.
The reaper is lightly wounded.
You barely miss the reaper.
The reaper is lightly wounded.
The reaper hits you with a +2 scythe of freezing!!
You die...

.# . ## #..
# #.. ..#.#
##. ##.##.
# ...#.#.
#..
..#.....###
.# #..
..#.> ## .#
#.#
#..#.#.#
#..
##2#...# #.
#.#@#
##..##
##....#
#.#.###
##.## ##.#
#.# ###


You could see a reaper.

Vanquished Creatures
  Harold (D:8)
  2 hydras
  2 centaur warriors (D:10)
  A two-headed ogre (D:10)
  A skeletal warrior (D:9)
  An orc knight (D:9)
  A will-o-the-wisp (Abyss:2)
  A deep elf pyromancer (D:10)
  A cyclops (D:10)
  Maurice (D:8)
  A gargoyle (D:10)
  A tengu conjurer (D:9)
  An efreet (D:10)
  A hornet (D:10)
  5 trolls
  A meliai zombie (D:10)
  A shadow (D:10)
  11 yaks
  2 wraiths
  A wyvern (D:7)
  A neqoxec (Abyss:2)
  2 steam dragons
  3 water moccasins (D:7)
  An acid dragon (D:10)
  3 sky beasts
  5 orc warriors
  2 black bears
  An ice beast (D:6)
  5 ogres
  6 centaurs
  2 kobold brigands (D:10)
  2 bullfrogs
  3 gnoll sergeants
  A scorpion (D:6)
  2 water moccasin skeletons
  23 killer bees
  4 wights
  3 howler monkeys
  An electric eel (D:8)
  4 centaur zombies
  3 hounds
  A quasit (Abyss:2)
  An iron imp (Abyss:2)
  3 jellies
  2 orc priests
  2 gnoll shamans
  A centaur skeleton (D:7)
  2 iguanas
  6 orc wizards
  2 hell rats (D:8)
  A hound skeleton (D:5)
  Robin (D:2)
  19 gnolls
  7 adders
  8 river rats (D:8)
  2 white imps
  2 ufetubi
  2 adder skeletons (D:4)
  2 worms
  4 dart slugs
  44 orcs
  9 bats
  4 endoplasms
  5 giant cockroaches
  10 goblins
  14 hobgoblins
  4 jackals (D:2)
  12 quokkas
  6 ball pythons
  4 frilled lizards
  9 kobolds
  28 rats
331 creatures vanquished.

Vanquished Creatures (others)
  4 foxfires (Abyss:2)
  9 plants (D:3)
  15 starspawn tentacles (Abyss:2)
28 creatures vanquished.

Grand Total: 359 creatures vanquished

Notes
Turn   | Place    | Note
-------+----------+-------------------------------------------
     0 | D:1      | MacCMillion the Gargoyle Fighter began the quest for the
                  | Orb.
     0 | D:1      | Reached XP level 1. HP: 14/14 MP: 1/1
   452 | D:1      | Reached XP level 2. HP: 12/19 MP: 2/2
  1305 | D:1      | Reached XP level 3. HP: 16/23 MP: 3/3
  1784 | D:2      | Noticed Robin
  1883 | D:2      | Killed Robin
  1884 | D:2      | Reached skill level 1 in Throwing
  1887 | D:2      | Reached XP level 4. HP: 27/29 MP: 4/4
  2265 | D:2      | Found a faded altar of an unknown god.
  2641 | D:2      | Identified the amulet "Lomegar" {Rampage Fly rF+ Regen+
                  | SInv}
  3220 | D:3      | Found an iron altar of Okawaru.
  3231 | D:3      | Became a worshipper of Warmaster Okawaru
  3237 | D:3      | Reached skill level 3 in Maces & Flails
  3237 | D:3      | Reached XP level 5. HP: 33/33 MP: 5/5
  3241 | D:3      | Found a broken altar of Ashenzari.
  4188 | D:3      | Found a runed translucent door.
  4189 | D:3      | Noticed Crazy Yiuf
  4581 | D:4      | Noticed a black bear
  4587 | D:4      | Noticed Sigmund
  4611 | D:4      | Killed a black bear
  4612 | D:4      | Reached XP level 6. HP: 35/39 MP: 6/6
  4932 | D:4      | Found a hazy altar of Hepliaklqana.
  4933 | D:4      | Found a shimmering altar of Xom.
  4937 | D:4      | Noticed a spectral ugly thing
  5011 | D:4      | Reached * piety under Okawaru
  5126 | D:4      | Reached skill level 4 in Maces & Flails
  5126 | D:4      | Reached XP level 7. HP: 44/44 MP: 7/7
  5259 | D:4      | Reached skill level 1 in Evocations
  5540 | D:5      | Entered Level 5 of the Dungeon
  5769 | D:5      | Found an ancient bone altar of Kikubaaqudgha.
  5877 | D:5      | Reached skill level 1 in Dodging
  6089 | D:5      | Found a bloodstained altar of Trog.
  6373 | D:5      | Reached ** piety under Okawaru
  6374 | D:5      | Reached skill level 5 in Fighting
  6374 | D:5      | Reached skill level 5 in Maces & Flails
  6374 | D:5      | Reached skill level 5 in Armour
  6374 | D:5      | Reached XP level 8. HP: 49/49 MP: 8/8
  6500 | D:6      | Found a shadowy altar of Dithmenos.
  6915 | D:6      | Reached skill level 6 in Maces & Flails
  6952 | D:6      | Found a staircase to the Ecumenical Temple.
  7039 | D:6      | Reached *** piety under Okawaru
  7369 | D:7      | Reached XP level 9. HP: 49/55 MP: 9/9
  7478 | D:7      | Noticed a four-headed hydra
  7491 | D:7      | Killed a four-headed hydra
  7491 | D:7      | Reached **** piety under Okawaru
  7491 | D:7      | Received a gift from Okawaru
  7492 | D:7      | Reached skill level 7 in Maces & Flails
  7653 | D:7      | Reached skill level 8 in Maces & Flails
  7979 | D:7      | Reached skill level 5 in Throwing
  8018 | D:7      | Reached skill level 9 in Maces & Flails
  8037 | D:7      | Reached XP level 10. HP: 64/64 MP: 10/10
  8724 | D:8      | Noticed Harold
  8738 | D:8      | Killed Harold
  8738 | D:8      | Received a gift from Okawaru
  8739 | D:8      | Reached skill level 10 in Maces & Flails
  9330 | D:8      | Reached ***** piety under Okawaru
  9602 | D:8      | Noticed Maurice
  9622 | D:8      | Killed Maurice
  9623 | D:8      | Reached skill level 11 in Maces & Flails
  9884 | D:9      | Received a gift from Okawaru
 10016 | D:9      | Found a sacrificial altar of Ru.
 10122 | D:9      | Received a gift from Okawaru
 10192 | D:9      | Found a staircase to the Orcish Mines.
 10271 | D:9      | Reached XP level 11. HP: 71/71 MP: 11/11
 10304 | D:9      | Reached skill level 5 in Shields
 10335 | D:9      | Reached skill level 1 in Invocations
 10703 | D:10     | Entered Level 10 of the Dungeon
 10717 | D:9      | Reached skill level 12 in Maces & Flails
 10794 | D:10     | Reached skill level 10 in Fighting
 10962 | D:10     | Found a shimmering blue altar of Sif Muna.
 10963 | D:10     | Found a sparkling altar of Nemelex Xobeh.
 10996 | D:10     | Found a radiant altar of Vehumet.
 11090 | D:10     | Noticed a skeletal warrior
 11091 | D:10     | Noticed an orc knight
 11092 | D:10     | Noticed a centaur warrior
 11100 | D:10     | Noticed a seven-headed hydra
 11158 | D:9      | Killed a skeletal warrior
 11220 | D:10     | Identified the +11 chain mail of the Present {rN++}
                  | (Okawaru gifted it to you on level 10 of the Dungeon)
 11220 | D:10     | Received a gift from Okawaru
 11351 | D:9      | Killed a seven-headed hydra
 11352 | D:9      | Reached skill level 5 in Invocations
 11809 | D:10     | Noticed a wizard
 11870 | D:9      | Killed an orc knight
 11927 | D:10     | Noticed a centaur warrior
 11946 | D:10     | Killed a centaur warrior
 11947 | D:10     | Reached skill level 13 in Maces & Flails
 11973 | D:10     | Reached XP level 12. HP: 76/77 MP: 16/16
 12138 | D:10     | Noticed a two-headed ogre
 12145 | D:10     | Killed a two-headed ogre
 12159 | D:10     | Killed a centaur warrior
 12446 | D:10     | Found a stormy altar of Qazlal.
 12461 | D:10     | Cast into level 2 of the Abyss (a wizard)
 12511 | Abyss:2  | Noticed an ophan
 12516 | Abyss:2  | Noticed a thrashing horror
 12526 | Abyss:2  | Noticed a tentacled starspawn
 12547 | Abyss:2  | Gained mutation: You are frail. (-10% HP) [a neqoxec]
 12555 | Abyss:2  | Gained mutation: Your spells are a little easier to cast,
                  | but a little less powerful. [a neqoxec]
 12556 | Abyss:2  | Gained mutation: You tend to lose your temper in combat. [a
                  | neqoxec]
 12571 | Abyss:2  | Found a corrupted altar of Lugonu.
 12591 | Abyss:2  | Noticed a lorocyproca
 12611 | Abyss:2  | Noticed a shadow dragon
 13792 | Abyss:2  | Noticed a blizzard demon
 13809 | Abyss:2  | Noticed a wretched star
 13823 | Abyss:2  | Noticed a tentacled starspawn
 13873 | Abyss:2  | Noticed a tentacled starspawn
 13922 | Abyss:2  | Noticed a rakshasa
 13955 | Abyss:2  | Found a candlelit altar of Ignis.
 13986 | Abyss:2  | Noticed a reaper
 13993 | Abyss:2  | Demolished by a reaper

Illustrated notes

Levels and vault maps discovered:
D:1:      psy_arrival_spokes, layout_basic, minmay_octomino_c4
D:2:      minmay_chambers_of_twos, layout_basic,
          shapermc_ecumenical_altar_totnotflames, grunt_ministairs_12,
          kennysheep_boxes, uniq_robin
D:3:      layout_loops_cross, mainiacjoe_overflow_catch_the_wave,
          grunt_ministairs_14, lexackson_kobold_supper, uniq_crazy_yiuf_cottage
D:4:      layout_basic, regret_index_temple_of_mockery, elyvilon_altar_4,
          minmay_fractal_squares_gapless_5, uniq_sigmund
D:5:      layout_basic, kennysheep_little_box, mainiacjoe_overflow_brackets,
          minmay_misc_feat_five
D:6:      layout_basic, nicolae_overflow_crystal_walls,
          minmay_temple_entry_ruins
D:7:      layout_basic, minmay_misc_feat_alley
D:8:      lemuel_ratsnest, layout_loops_ring, minmay_crystal_water,
          hangedman_abyss_or_decor_slice, kennysheep_generic_room_15,
          uniq_harold, uniq_maurice
D:9:      layout_loops_ring, nicolae_ru_awakened_eye, hiddenorc1_lemuel,
          kennysheep_nondescript
D:10:     minmay_the_grid_square_5x5_4x4 [minmay_the_grid_square_5x5_comb,
          minmay_the_grid_square_5x5_slash,
          minmay_the_grid_square_5x5_doubleslash,
          minmay_the_grid_square_5x5_inner_v,
          minmay_the_grid_square_5x5_two_small,
          minmay_the_grid_square_5x5_prize_pseudospiral,
          minmay_the_grid_square_5x5_prize_open,
          minmay_the_grid_square_5x5_minivault, minmay_the_grid_square_5x5_c,
          minmay_the_grid_square_5x5_prize_open,
          minmay_the_grid_square_5x5_prize_itemx,
          minmay_the_grid_square_5x5_misaligned,
          minmay_the_grid_square_5x5_detours,
          minmay_the_grid_square_5x5_hollow_slash,
          minmay_the_grid_square_5x5_lines,
          minmay_the_grid_square_5x5_eight_small], layout_rooms,
          mainiacjoe_overflow_small_starburst, mainiacjoe_overflow_alcove_1,
          nicolae_overflow_squiral, grunt_tough_drop
Abyss:2:  base: D:2, minivault_13, minivault_13, evilmike_abyss_exit_16, base:
D:5

Skill      XL: |  1  2  3  4  5  6  7  8  9 10 11 12 |
---------------+-------------------------------------+-----
Throwing       | 1 2 3 5 |  5.0
Fighting       | 4 5 6 7 9 10 | 10.0
Maces & Flails | 3 4 5 6 9 11 13 | 13.5
Armour         | 4 5 |  5.0
Shields        | 4 6 7 |  7.3
Evocations     | 1 3 |  3.0
Dodging        | 1 |  1.0
Invocations    | 6 7 |  7.2

Action                   |  1- 3 |  4- 6 |  7- 9 | 10-12 || total
-------------------------+-------+-------+-------+-------++-------
Melee: Flail             |   141 |   233 |   373 |   928 ||  1675
Throw: Boomerang         |       |     4 |       |       ||     4
       Dart              |       |    12 |    13 |     6 ||    31
       Javelin           |       |     1 |       |       ||     1
Invok: Heroism           |       |       |       |     3 ||     3
       Finesse           |       |       |       |     2 ||     2
Evoke: Wand              |       |       |     5 |       ||     5
  Use: Scroll            |       |       |       |    15 ||    15
       Potion            |       |       |       |     1 ||     1
Armor: Scale mail        |   116 |    79 |       |       ||   195
       Chain mail        |       |    33 |   133 |   403 ||   569
Dodge: Dodged            |    99 |   140 |   295 |   751 ||  1285
Block: Buckler           |    35 |    61 |    73 |   181 ||   350

Table legend: (Time is in decaauts)
 A = Elapsed time spent in this place.
 B = Non-inter-level travel time spent in this place.
 C = Inter-level travel time spent in this place.
 D = Time resting spent in this place.
 E = Time spent auto-exploring this place.
 F = Levels seen in this place.
 G = Mean time per level.
                   A        B        C        D        E       F      G
               +--------+--------+--------+--------+--------+-----+--------+
         Total |  14029 |  13195 |    834 |   2676 |   6344 |  11 | 1275.4 |
       Dungeon |  12505 |  11671 |    834 |   1567 |   6341 |  10 | 1250.5 |
         Abyss |   1524 |   1524 |      0 |   1109 |      3 |   1 | 1524.0 |
               +--------+--------+--------+--------+--------+-----+--------+

Top non-repeatable levels by time:
     D:9: 1731 daAuts
     D:1: 1715 daAuts
     D:2: 1542 daAuts
     D:3: 1534 daAuts
 Abyss:2: 1524 daAuts
     D:7: 1399 daAuts
     D:8: 1158 daAuts
     D:4: 869 daAuts
    D:10: 862 daAuts
     D:5: 850 daAuts
     D:6: 839 daAuts
